 Dungeon Crawl Stone Soup version 0.19-a0-147-g6f47703 (webtiles) character file.

93 Kidiri the Firebug (level 4, 0/27 HPs)
             Began as a High Elf Fire Elementalist on May 18, 2016.
             Slain by Crazy Yiuf
             ... wielding a +4 quarterstaff of chaos
              (8 damage)
             ... while paralysed by Crazy Yiuf
             ... on level 2 of the Dungeon.
             The game lasted 00:05:01 (2194 turns).

Kidiri the Firebug (High Elf Fire Elementalist)     Turns: 2194, Time: 00:05:02

Health: 0/27       AC:  5    Str:  7    XL:     4   Next: 36%
Magic:  8/9        EV:  2    Int: 19    God:
Gold:   84         SH:  0    Dex: 16    Spells: 4 memorised, 0 levels left

rFire  . . .     SeeInvis .     s - +0 dagger (holy)
rCold  . . .     Gourm    .     a - +0 robe
rNeg   . . .     Faith    .     (no shield)
rPois  .         Spirit   .     h - +1 hat
rElec  .         Dismiss  .     (no cloak)
rCorr  .         Reflect  .     (no gloves)
SustAt .         Harm     .     p - +1 pair of boots
MR     .....                    (no amulet)
Stlth  ++........               (no ring)
                                (no ring)

@: paralysed, not resistant to hostile enchantments, unstealthy
A: no striking features
a: no special abilities


You were on level 2 of the Dungeon.
You were not hungry.

You visited 1 branch of the dungeon, and saw 2 of its levels.

You collected 84 gold pieces.

Inventory:

Hand Weapons
 e - a +0 dagger
 s - a +0 dagger of holy wrath (weapon)
Armour
 a - a +0 robe (worn)
 h - a +1 hat (worn)
 p - a +1 pair of boots (worn)
Scrolls
 d - a scroll of random uselessness {unknown}
 f - a scroll of teleportation {unknown}
 g - a scroll of fear {unknown}
 i - a scroll of fog {unknown}
 k - 3 scrolls of identify {unknown}
 l - a scroll of amnesia {unknown}
Potions
 m - a potion of mutation {unknown}
 n - 2 potions of heal wounds {unknown}
 o - a potion of curing {unknown}
 r - a potion of lignification {unknown}
Books
 b - a book of Flames

   Spells                             Type                      Level
   a - Flame Tongue                   Conjuration/Fire             1
   b - Throw Flame                    Conjuration/Fire             2
   c - Conjure Flame                  Conjuration/Fire             3
   d - Inner Flame                    Hexes/Fire                   3
   e - Sticky Flame                   Conjuration/Fire             4
   f - Fireball                       Conjuration/Fire             5
Comestibles
 c - 2 bread rations
 j - 3 beef jerkies
 q - a meat ration
 t - 2 chunks of flesh


   Skills:
 + Level 0.4 Fighting
 + Level 0.5 Armour
 * Level 3.3 Dodging
 - Level 2.1 Stealth
 + Level 3.1 Spellcasting
 + Level 1.8 Conjurations
 + Level 1.0 Hexes
 * Level 3.5 Fire Magic


You couldn't memorise any spells.
You knew the following spells:

 Your Spells              Type           Power        Failure   Level  Hunger
a - Flame Tongue          Conj/Fire      ##...        8%          1    None
b - Throw Flame           Conj/Fire      ##....       10%         2    ##.....
c - Inner Flame           Hex/Fire       ##......     17%         3    ###....
d - Conjure Flame         Conj/Fire      ##......     17%         3    ###....


Dungeon Overview and Level Annotations

Branches:
Dungeon (2/15)

Altars:

Annotations:
D:2 Crazy Yiuf


Message History

Crazy Yiuf yells, "Dawk!"
Casting: Flame Tongue
Confirm with . or Enter, or press ? or * to list all spells.
Aiming: Flame Tongue
Press: ? - help, Shift-Dir - straight line, f - Crazy Yiuf
Aim: Crazy Yiuf, wielding a quarterstaff of chaos and wearing a cloak (lightly wounded)
The flame tongue hits Crazy Yiuf.
Crazy Yiuf is moderately wounded.
Crazy Yiuf hits you with a quarterstaff of chaos!
You suddenly lose the ability to move!
Some of the chunks of flesh in your inventory have rotted away.
Crazy Yiuf barely misses you. Crazy Yiuf hits you but does no damage.
Crazy Yiuf says, "Mama green water!"
Crazy Yiuf hits you with a quarterstaff of chaos!
Crazy Yiuf freezes you.
* * * LOW HITPOINT WARNING * * *
Crazy Yiuf grits, "Ice wrapper sing!"
Crazy Yiuf hits you with a quarterstaff of chaos!
You die...

.............# #..#..
...###'#...###
#####.#.. #### #.'.###
#.....'.. # #.#.#
#####.#.. ######.###
#####.#.. .........##♣♣
##### #........
.....#......♣♣ ♣♣#..)#
#.).....)
.....#.....P.♣♣♣♣g....#
#......## ###+
###......♣.@♣#...#
#......##
##....♣.♣♣♣#####
#.......# ###♣♣♣♣♣
#.....#.# #######.# #.#
#.# #.. ##. ####.


You could see Crazy Yiuf.

Vanquished Creatures
  Jessica (D:2)
  An adder (D:2)
  2 worms (D:2)
  3 giant geckos
  5 bats
  2 goblins (D:1)
  6 hobgoblins
  10 jackals
  2 quokkas (D:2)
  A ball python (D:2)
  5 giant newts
  6 kobolds
  3 rats (D:1)
47 creatures vanquished.

Notes
Turn   | Place    | Note
--------------------------------------------------------------
     0 | D:1      | Kidiri the High Elf Fire Elementalist began the quest for the Orb.
     0 | D:1      | Reached XP level 1. HP: 11/11 MP: 4/4
   162 | D:1      | Reached XP level 2. HP: 17/17 MP: 0/6
   218 | D:1      | Learned a level 2 spell: Throw Flame
   801 | D:1      | Reached XP level 3. HP: 21/21 MP: 5/8
   806 | D:1      | Learned a level 3 spell: Inner Flame
  1366 | D:2      | Noticed Jessica
  1373 | D:2      | Killed Jessica
  1373 | D:2      | Reached skill level 1 in Hexes
  1373 | D:2      | Reached XP level 4. HP: 9/27 MP: 4/9
  1917 | D:2      | Learned a level 3 spell: Conjure Flame
  2179 | D:2      | Noticed Crazy Yiuf
  2190 | D:2      | Paralysed by Crazy Yiuf for 6 turns
  2194 | D:2      | Slain by Crazy Yiuf

Vault maps used:
D:1:      mainiacjoe_arrival_reflecting_pool
D:2:      uniq_jessica, uniq_crazy_yiuf_cottage

Skill      XL: |  1  2  3  4 |
---------------+-------------+-----
Dodging        | 3 |  3.3
Hexes          | 1 |  1.0
Spellcasting   | 3 |  3.1
Fighting       | |  0.4
Armour         | |  0.5
Stealth        | |  2.1
Conjurations   | |  1.8
Fire Magic     | |  3.5

Action                   |  1- 3 |  4- 6 || total
-------------------------+-------+-------++-------
Melee: Dagger            |    29 |    10 ||    39
 Cast: Flame Tongue      |    46 |    16 ||    62
       Throw Flame       |    12 |     8 ||    20
 Stab: Sleeping          |     4 |     1 ||     5
  Eat: Chunk             |     2 |     3 ||     5
Armor: Robe              |     9 |     6 ||    15
Dodge: Dodged            |    35 |    12 ||    47
